 Dungeon Crawl Stone Soup version 0.28.0 (webtiles) character file.

Game seed: 1260790069284274929

67966 Sanktem7 the Swashbuckler (level 14, -10/137 HPs)
             Began as a Minotaur Fighter on Feb 10, 2022.
             Was the Champion of Okawaru.
             Splashed with acid (18 damage)
             ... on level 1 of the Pits of Slime.
             The game lasted 01:01:18 (18562 turns).

Sanktem7 the Swashbuckler (Minotaur Fighter)       Turns: 18562, Time: 01:01:18

Health: -10/137    AC: 20    Str: 33    XL:     14   Next: 84%
Magic:  18/18      EV: 17    Int: 11    God:    Okawaru [******]
Gold:   1359       SH:  0    Dex:  9    Spells: 13/13 levels left

rFire   . . .      SeeInvis +   B - +11 rapier of the Globe {holy, Contam rC+ rN+++ rCorr}
rCold   + . .      Faith    .   U - +3 buckler "Mevour" {Fly rElec}
rNeg    + + +      Spirit   .   p - +5 ring mail "Racruiw" {Harm rC- rN+ Slay+3}
rPois   +          Reflect  .   a - +2 hat
rElec   +          Harm     +   j - scarf {harm}
rCorr   +          Rampage  .   K - +0 pair of gloves
Will    +....      Rnd*Tele +   E - +2 pair of boots
Stlth   ..........              T - amulet of regeneration
HPRegen 1.12/turn               f - ring "Hehao" {rPois rC+ EV+4 SInv Stlth-}
MPRegen 0.16/turn               i - ring of Junou {Str+6 Int+6}

@: confused, flying
A: horns 2, retaliatory headbutt, teleportitis 1
a: Renounce Religion, Heroism, Finesse, Duel


You were on level 1 of the Pits of Slime.
You worshipped Okawaru.
Okawaru was exalted by your worship.
You visited 4 branches of the dungeon, and saw 20 of its levels.
You also visited: Volcano.

You collected 2119 gold pieces.
You spent 760 gold pieces at shops.

Inventory:

Hand Weapons
 k - a +2 falchion of draining
 B - the +11 rapier of the Globe (weapon) {holy, Contam rC+ rN+++ rCorr}
   (You found it on level 7 of the Dungeon)

   It has been blessed by the Shining One to cause great damage to the undead
   and demons.
   rC:        It protects you from cold.
   rN:        It renders you almost immune to negative energy.
   Contam:    It causes magical contamination when unequipped.
   rCorr:     It protects you from acid and corrosion.
Missiles
 I - 6 boomerangs (quivered)
Armour
 a - a +2 hat (worn)
 j - a scarf of harm (worn)
 p - the +5 ring mail "Racruiw" (worn) {Harm rC- rN+ Slay+3}
   (You found it on level 6 of the Dungeon)

   Slay:      It affects your accuracy & damage with ranged weapons and melee
   (+3).
   rC:        It makes you vulnerable to cold.
   rN:        It protects you from negative energy.
   Harm:      It increases damage dealt and taken.
 s - a +1 plate armour
 E - a +2 pair of boots (worn)
 K - a +0 pair of gloves (worn)
 U - the +3 buckler "Mevour" (worn) {Fly rElec}
   (Okawaru gifted it to you on level 4 of the Lair of Beasts)

   rElec:     It insulates you from electricity.
   Fly:       It grants you flight.
Jewellery
 f - the ring "Hehao" (left hand) {rPois rC+ EV+4 SInv Stlth-}
   (You found it on level 3 of the Lair of Beasts)

   [ring of evasion]

   EV:        It affects your evasion (+4).
   rC:        It protects you from cold.
   rPois:     It protects you from poison.
   SInv:      It lets you see invisible.
   Stlth:     It makes you less stealthy.
 i - the ring of Junou (right hand) {Str+6 Int+6}
   (You acquired it on level 6 of the Lair of Beasts)

   [ring of intelligence]

   Str:       It affects your strength (+6).
   Int:       It affects your intelligence (+6).
 l - a ring of flight
 m - a ring of protection from cold
 o - a ring of fire
 q - a +4 ring of protection
 y - an amulet of reflection
 G - a +6 ring of strength
 T - an amulet of regeneration (around neck)
Wands
 e - a wand of mindburst (10)
 u - a wand of flame (51)
 w - a wand of iceblast (17)
 C - a wand of polymorph (20)
 F - a wand of digging (12)
Scrolls
 b - 4 scrolls of enchant weapon
 c - 2 scrolls of identify
 g - 2 scrolls of immolation
 v - a scroll of blinking
 x - 3 scrolls of silence
 z - 8 scrolls of teleportation
 D - 2 scrolls of amnesia
 L - 2 scrolls of fog
 P - 2 scrolls of magic mapping
 V - a scroll of fear
Potions
 d - 8 potions of might
 h - 2 potions of resistance
 t - a potion of berserk rage
 A - 3 potions of haste
 N - a potion of invisibility
 Q - a potion of ambrosia
 S - a potion of cancellation
Miscellaneous
 O - a piece from Xom's chessboard (15/15)


   Skills:
 * Level 16.1 Fighting
 * Level 16.3(17.2) Short Blades
 - Level 10.0(15.0) Long Blades
 + Level 3.3 Throwing
 * Level 13.9 Armour
 + Level 7.9 Dodging
 - Level 3.6 Shields
 + Level 7.7 Invocations
 + Level 0.7 Evocations


You had 13 spell levels left.
You didn't know any spells.
Your spell library contained the following spells:

 Spells                   Type           Power      Damage    Failure   Level
 Ensorcelled Hibernation  Hex/Ice        0%         N/A       65%         2
 Conjure Flame            Conj/Fire      0%         6-21      87%         3
 Gell's Gravitas          Tloc           0%         N/A       87%         3
 Ignite Poison            Fire/Tmut/Pois 0%         N/A       87%         3
 Lesser Beckoning         Tloc           0%         N/A       87%         3
 Mephitic Cloud           Conj/Pois/Air  0%         N/A       87%         3
 Spider Form              Tmut/Pois      0%         N/A       87%         3
 Teleport Other           Tloc           0%         N/A       87%         3
 Anguish                  Hex/Necr       0%         N/A       99%         4
 Sticky Flame             Conj/Fire      0%         2d3       99%         4
 Freezing Cloud           Conj/Ice/Air   0%         6-21      100%        5
 Orb of Destruction       Conj           0%         9d5       100%        7
 Storm Form               Tmut/Air       0%         N/A       100%        7
 Maxwell's Capacitive Co  Air            0%         ∞         100%        8
 Summon Guardian Golem    Hex/Summ       Unusable   N/A       N/A         3
 Summon Lightning Spire   Summ/Air       Unusable   N/A       N/A         4
 Spellforged Servitor     Conj/Summ      Unusable   N/A       N/A         7

Dungeon Overview and Level Annotations

Branches:
Dungeon (10/15)            Temple (1/1) D:4            Lair (6/6) D:10
 Shoals (0/4) Lair:4        Snake (0/4) Lair:4        Slime (3/5) Lair:6
Volcano (visited)
    Orc: D:9-12

Altars:
Ashenzari
Cheibriados
Dithmenos
Elyvilon
Fedhas
Gozag
Hepliaklqana
Kikubaaqudgha
Makhleb
Nemelex Xobeh
Okawaru
Qazlal
Ru
Sif Muna
Trog
Uskayaw
Vehumet
Wu Jian
Xom
Yredelemnul
Zin
The Shining One
Jiyva

Shops:
D:2 =   D:6 *   D:8 =

Annotations:
D:4 3 runed translucent doors, rrix's ghost, novice GrEE
Lair:4 !Snake Pit!


Innate Abilities, Weirdness & Mutations

You have a pair of horns on your head.
You reflexively headbutt those who attack you in melee.
You are occasionally teleported next to monsters.


Message History

You bump into the slime covered rock wall.
You are splashed with acid!
The large slime creature misses you. The slime creature misses you.
The golden eye blinks at you.
You are more confused.
The slime creature hits you but does no damage.
You bump into the slime covered rock wall.
You are splashed with acid!
The golden eye blinks at you. You resist with almost no effort.
The large slime creature closely misses you.
The slime creature completely misses you. x2
The golden eye blinks!
You closely miss the slime creature.
You are splashed with acid.
The large slime creature completely misses you.
The slime creature hits you but does no damage.
You miss the golden eye. Your headbutt misses the golden eye.
You are splashed with acid.
The golden eye blinks at you. You resist with some effort.
The slime creature hits you! The large slime creature hits you.
You impale the slime creature!! You headbutt the slime creature!
The slime creature is almost dead.
You are splashed with acid!
* * * LOW HITPOINT WARNING * * *
The slime creature misses you. The golden eye blinks at you.
You are more confused.
You are too confused!
You impale the slime creature!!
The slime creature is heavily wounded.
You are splashed with acid!
* * * LOW HITPOINT WARNING * * *
The golden eye blinks at you.
You are more confused.
The slime creature closely misses you. The large slime creature hits you!!
* * * LOW HITPOINT WARNING * * *
You are too confused!
You're too confused to move!
You are splashed with acid!
You die...

## ##.##
##...#
#...##
#G...#
#GJ..##
#@J...#
##J.......
#........
.........
#........
##.......
##.....
....


You could see a large slime creature, 2 slime creatures and 2 golden eyes.

Vanquished Creatures
  3 acid blobs
  An azure jelly (Slime:1)
  2 fire dragons
  9 hydras
  Erolcha (D:10)
  2 two-headed ogres
  5 sun demons (Volcano)
  A swamp dragon (Lair:6)
  2 lindwurms
  A wolf spider (Lair:6)
  18 elephants
  A guardian serpent (Lair:6)
  10 black mambas
  3 torpor snails
  An eye of devastation (Slime:1)
  20 cane toads
  9 rime drakes
  Maggie (Lair:1)
  16 komodo dragons
  2 polar bears
  32 blink frogs
  2 hornets (Lair:6)
  17 slime creatures
  6 dream sheep (Lair:5)
  A shadow (D:10)
  A wraith (D:10)
  A spriggan (D:9)
  6 basilisks
  16 wyverns
  7 steam dragons
  4 redbacks (Lair:6)
  19 yaks
  4 vampire mosquitoes (D:10)
  3 nagas (Lair:4)
  An acid dragon (Lair:6)
  24 water moccasins
  3 hell hounds (Volcano)
  2 orc warriors
  A swamp drake (Lair:6)
  4 black bears
  A sky beast (D:5)
  3 necrophages
  7 wolves
  4 boggarts (Lair:4)
  2 centaurs
  An ogre (D:6)
  A phantom (D:4)
  A kobold brigand (D:5)
  12 bullfrogs
  2 gnoll sergeants
  3 scorpions
  A water moccasin skeleton (D:5)
  8 killer bees
  10 wights
  A howler monkey (D:9)
  2 electric eels
  A centaur zombie (D:5)
  An orc priest (D:10)
  A gnoll shaman (D:8)
  A jelly (D:5)
  A hound (D:7)
  5 iguanas
  7 orc wizards
  A hound zombie (D:5)
  A howler monkey zombie (D:7)
  22 gnolls
  4 adders
  An ufetubus (D:4)
  A worm (D:2)
  2 dart slugs
  28 orcs
  8 ball pythons
  10 bats
  9 endoplasms
  4 giant cockroaches
  6 goblins
  8 hobgoblins
  5 jackals
  5 quokkas
  3 frilled lizards
  6 kobolds
  3 rats
  A fungus (Lair:2)
  A plant (Lair:6)
467 creatures vanquished.

Vanquished Creatures (others)
  An orc (D:4)
  A quokka (D:4)
  45 fungi
  67 plants
114 creatures vanquished.

Grand Total: 581 creatures vanquished

Notes
Turn   | Place    | Note
-------+----------+-------------------------------------------
     0 | D:1      | Sanktem7 the Minotaur Fighter began the quest for the Orb.
     0 | D:1      | Reached XP level 1. HP: 19/19 MP: 0/0
   104 | D:1      | Reached XP level 2. HP: 27/27 MP: 1/1
   454 | D:1      | Found a faded altar of an unknown god.
   565 | D:1      | Reached XP level 3. HP: 33/33 MP: 2/2
   858 | D:2      | Found a shadowy altar of Dithmenos.
  1128 | D:2      | Found Yteuxte's Jewellery Boutique.
  1498 | D:3      | Reached XP level 4. HP: 41/41 MP: 3/3
  2154 | D:3      | Found an ancient bone altar of Kikubaaqudgha.
  2171 | D:3      | Reached skill level 5 in Armour
  2171 | D:3      | Reached XP level 5. HP: 47/47 MP: 4/4
  2316 | D:4      | Identified a scroll of acquirement
  2316 | D:4      | Acquired 878 gold pieces
  2392 | D:4      | Noticed a steam dragon
  2407 | D:4      | Killed a steam dragon
  2408 | D:4      | Reached skill level 5 in Long Blades
  2408 | D:4      | Reached XP level 6. HP: 30/55 MP: 5/5
  2582 | D:4      | Reached skill level 5 in Fighting
  2639 | D:4      | Noticed a water moccasin
  2643 | D:4      | Killed a water moccasin
  2644 | D:4      | Reached skill level 1 in Dodging
  2721 | D:4      | Found a runed translucent gate.
  2721 | D:4      | Found a runed translucent gate.
  2721 | D:4      | Found a runed translucent gate.
  2728 | D:4      | Noticed rrix's ghost (novice GrEE)
  2787 | D:4      | Reached XP level 7. HP: 60/61 MP: 6/6
  2947 | D:4      | Found a staircase to the Ecumenical Temple.
  2970 | Temple   | Entered the Ecumenical Temple
  3229 | Temple   | Became a worshipper of Warmaster Okawaru
  3275 | D:5      | Entered Level 5 of the Dungeon
  3577 | D:5      | Gained mutation: You are occasionally teleported next to
                  | monsters. [potion of mutation]
  3706 | D:5      | Reached * piety under Okawaru
  3710 | D:5      | Reached XP level 8. HP: 49/70 MP: 7/7
  4627 | D:6      | Reached ** piety under Okawaru
  4910 | D:6      | Found Besowet's General Store.
  5010 | D:6      | Identified the +5 ring mail "Racruiw" {Harm rC- rN+ Slay+3}
  5400 | D:7      | Reached skill level 10 in Long Blades
  5589 | D:7      | Identified the +11 rapier of the Globe {holy, Contam rC+
                  | rN+++ rCorr}
  5978 | D:7      | Noticed a two-headed ogre
  5984 | D:7      | Killed a two-headed ogre
  5985 | D:7      | Reached skill level 1 in Invocations
  5985 | D:7      | Reached XP level 9. HP: 56/81 MP: 7/9
  6365 | D:8      | Found a shimmering blue altar of Sif Muna.
  6419 | D:8      | Found a glowing golden altar of the Shining One.
  6461 | D:8      | Reached *** piety under Okawaru
  6714 | D:8      | Found Wiuna's Jewellery Shoppe.
  6718 | D:8      | Bought a +6 ring of strength for 760 gold pieces
  7482 | D:9      | Reached skill level 5 in Short Blades
  7545 | D:9      | Reached XP level 10. HP: 68/90 MP: 11/11
  8167 | D:10     | Entered Level 10 of the Dungeon
  8218 | D:10     | Noticed a two-headed ogre
  8228 | D:10     | Killed a two-headed ogre
  8228 | D:10     | Reached **** piety under Okawaru
  8229 | D:10     | Reached skill level 10 in Armour
  8447 | D:10     | Received a gift from Okawaru
  8572 | D:10     | Noticed Erolcha
  8586 | D:10     | Killed Erolcha
  8964 | D:10     | Reached ***** piety under Okawaru
  9445 | D:10     | Found a staircase to the Lair.
  9770 | Lair:1   | Entered Level 1 of the Lair of Beasts
  9888 | Lair:1   | Found a dark tunnel.
  9896 | Volcano  | Entered a volcano
  9916 | Volcano  | Noticed a sun demon
  9924 | Volcano  | Killed a sun demon
  9925 | Volcano  | Reached XP level 11. HP: 80/99 MP: 13/13
 10012 | Volcano  | Noticed a sun demon
 10015 | Volcano  | Killed a sun demon
 10015 | Volcano  | Received a gift from Okawaru
 10030 | Volcano  | Noticed a sun demon
 10033 | Volcano  | Killed a sun demon
 10034 | Volcano  | Reached skill level 10 in Fighting
 10069 | Volcano  | Noticed a sun demon
 10070 | Volcano  | Noticed a sun demon
 10076 | Volcano  | Killed a sun demon
 10080 | Volcano  | Killed a sun demon
 10337 | Volcano  | Noticed a fire dragon
 10351 | Volcano  | Killed a fire dragon
 10352 | Volcano  | Reached skill level 10 in Short Blades
 10533 | Lair:1   | Noticed Maggie
 10547 | Lair:1   | Killed Maggie
 10707 | Lair:1   | Reached skill level 5 in Invocations
 10725 | Lair:1   | Identified the +0 scale mail of the Other Side {rC+ Dex+7}
                  | (Okawaru gifted it to you on level 1 of the Lair of Beasts)
 10725 | Lair:1   | Received a gift from Okawaru
 11327 | Lair:2   | Noticed a five-headed hydra
 11347 | Lair:2   | Killed a five-headed hydra
 11348 | Lair:2   | Reached XP level 12. HP: 75/108 MP: 15/15
 11866 | Lair:2   | Noticed a five-headed hydra
 11873 | Lair:2   | Killed a five-headed hydra
 12420 | Lair:3   | Noticed a six-headed hydra
 12873 | Lair:3   | Reached ****** piety under Okawaru
 13036 | Lair:3   | Noticed a four-headed hydra
 13043 | Lair:3   | Killed a four-headed hydra
 13152 | Lair:3   | Killed a six-headed hydra
 13152 | Lair:3   | Received a gift from Okawaru
 13186 | Lair:3   | Identified the ring "Hehao" {rPois rC+ EV+4 SInv Stlth-}
 13429 | Lair:3   | Noticed an eight-headed hydra
 13432 | Lair:3   | Killed an eight-headed hydra
 13442 | Lair:3   | Noticed a six-headed hydra
 13447 | Lair:3   | Killed a six-headed hydra
 13983 | Lair:4   | Reached skill level 5 in Dodging
 13990 | Lair:4   | Identified the +1 short sword of Hiafocid {antimagic, rN+
                  | Dex+3} (Okawaru gifted it to you on level 4 of the Lair of
                  | Beasts)
 13990 | Lair:4   | Received a gift from Okawaru
 13994 | Lair:4   | Reached XP level 13. HP: 95/119 MP: 16/16
 14135 | Lair:4   | Found a staircase to the Snake Pit.
 14800 | Lair:4   | Identified the +3 buckler "Mevour" {Fly rElec} (Okawaru
                  | gifted it to you on level 4 of the Lair of Beasts)
 14800 | Lair:4   | Received a gift from Okawaru
 14955 | Lair:4   | Found a staircase to the Shoals.
 15550 | Lair:5   | Reached skill level 15 in Short Blades
 16435 | Lair:6   | Entered Level 6 of the Lair of Beasts
 16590 | Lair:6   | Reached XP level 14. HP: 133/133 MP: 18/18
 16640 | Lair:6   | Received a gift from Okawaru
 16880 | Lair:6   | Reached skill level 15 in Fighting
 16911 | Lair:6   | Found a viscous altar of Jiyva.
 16911 | Lair:6   | Found a staircase to the Slime Pits.
 17075 | Lair:6   | Reached skill level 1 in Throwing
 17270 | Lair:6   | Received a gift from Okawaru
 18066 | Lair:6   | Acquired the ring of Junou {Str+6 Int+6}
 18144 | Slime:1  | Entered Level 1 of the Pits of Slime
 18144 | Slime:1  | Noticed an acid blob
 18158 | Slime:1  | Killed an acid blob
 18359 | Slime:2  | Noticed an acid blob
 18369 | Slime:2  | Killed an acid blob
 18382 | Slime:2  | Noticed an acid blob
 18399 | Slime:2  | Killed an acid blob
 18412 | Slime:2  | Noticed an azure jelly
 18415 | Slime:3  | Noticed an azure jelly
 18422 | Slime:2  | HP: 2/137 [azure jelly (8)]
 18439 | Slime:1  | Killed an azure jelly
 18562 | Slime:1  | Splashed with acid

Illustrated notes

Levels and vault maps discovered:
D:1:      scummos_arrival_simple_crosswalls, layout_basic,
          hellmonk_ecumenical_altar_crossroads, minmay_indecisive_spiral
D:2:      cheibrodos_old_hovel, layout_loops_cross, basic_altar, serial_shops,
          shop_fountains
D:3:      layout_rooms, mainiacjoe_overflow_brackets
D:4:      layout_rooms, temple_green, ebering_ghost_rock_garden
D:5:      layout_basic
D:6:      layout_loops_ring, serial_shops, shop, st_stairs_14
D:7:      layout_basic
D:8:      layout_basic, mainiacjoe_overflow_large_starburst, enter_bailey_4,
          serial_shops, shop
D:9:      layout_gridville, the_hattery
D:10:     layout_basic, lair_entry_dummy, uniq_erolcha
Temple:   mainiacjoe_temple_bowtie_tessellation
Lair:1:   layout_roguey, nicolae_volcano_entry_lava_flow, grunt_megastairs_2,
          uniq_maggie
Lair:2:   layout_regular_city
Lair:3:   nzn_winding_woodlands_stair_cross [nzn_winding_woodlands_5x15_zeroes,
          nzn_winding_woodlands_center_diamonds,
          nzn_winding_woodlands_5x15_river_crossing,
          nzn_winding_woodlands_5x5_three,
          nzn_winding_woodlands_5x5_checkerboard,
          nzn_winding_woodlands_5x15_eye, nzn_winding_woodlands_center_lodge,
          nzn_winding_woodlands_5x15_pockets], layout_long_grid,
          beast_lair_carwin_5
Lair:4:   layout_small_grid, elwin_shoals_entry_rocks,
          guppyfry_snake_entry_garden, kilobyte_rumbling_trees
Lair:5:   layout_cave_pods, pond
Lair:6:   hangedman_lair_tendril_chambers, layout_misc_corridors,
          guppyfry_lair_end_dragon, dpeg_slime_entry_enclosed_altar,
          infiniplex_staircase_pool_2
Slime:1:  layout_caves
Slime:2:  layout_caves
Slime:3:  layout_caves, uniq_dissolution

Skill      XL: |  1  2  3  4  5  6  7  8  9 10 11 12 13 14 |
---------------+-------------------------------------------+-----
Fighting       | 4 5 6 7 8 9 10 12 14 16 | 16.1
Armour         | 4 5 6 9 11 12 13 | 13.9
Long Blades    | 3 4 5 6 8 10 | 10.0
Dodging        | 1 2 3 4 5 6 7 |  7.9
Short Blades   | 2 5 8 11 14 15 16 | 16.3
Invocations    | 1 2 4 5 6 7 |  7.7
Throwing       | 3 |  3.3
Shields        | |  3.6
Evocations     | |  0.7

Action                   |  1- 3 |  4- 6 |  7- 9 | 10-12 | 13-15 || total
-------------------------+-------+-------+-------+-------+-------++-------
Melee: Long sword        |    88 |    89 |       |       |       ||   177
       Headbutt          |     9 |    19 |    31 |    68 |   124 ||   251
       Falchion          |       |    26 |   156 |       |       ||   182
       Rapier            |       |       |    76 |   328 |   533 ||   937
Throw: Boomerang         |       |       |       |     4 |    38 ||    42
Evoke: Wand              |       |       |       |     1 |       ||     1
  Use: Scroll            |       |     6 |     6 |     4 |    10 ||    26
       Potion            |       |       |     8 |     2 |     7 ||    17
 Stab: Invisible         |       |       |       |       |     1 ||     1
Armor: Scale mail        |    33 |       |       |       |       ||    33
       Plate armour      |       |    87 |    67 |       |       ||   154
       Ring mail         |       |       |    38 |   117 |   247 ||   402
Dodge: Dodged            |    34 |    35 |    76 |   109 |   268 ||   522
Block: Buckler           |    22 |    42 |    99 |    96 |   151 ||   410
       Reflection        |       |       |     9 |     1 |     1 ||    11
